 Dungeon Crawl Stone Soup version 0.18-a0-1683-gf9322e6 (webtiles) character file.

92 namelastname112 the Insei (level 4, -5/38 HPs)
             Began as a Draconian Monk on Apr 3, 2016.
             Killed from afar by Terence (8 damage)
             ... with a wand of flame
             ... on level 3 of the Dungeon.
             The game lasted 00:02:09 (1620 turns).

namelastname112 the Insei (Draconian Monk)          Turns: 1620, Time: 00:02:10

Health: -5/38      AC:  5    Str: 18    XL:     4   Next: 35%
Magic:  4/4        EV: 13    Int: 11    God:
Gold:   170        SH:  0    Dex: 14    Spells: 0 memorised, 3 levels left

rFire  . . .     SeeInvis .       - Unarmed
rCold  . . .     Gourm    .     (armour unavailable)
rNeg   . . .     Faith    .     (no shield)
rPois  .         Spirit   .     (helmet restricted)
rElec  .         Dismiss  .     (no cloak)
rCorr  .         Reflect  .     (no gloves)
SustAt .         Harm     .     (no boots)
MR     .....                    (no amulet)
Stlth  ++........               (no ring)
                                (no ring)

@: mighty, not resistant to hostile enchantments, unstealthy
A: unfitting armour, cold-blooded, AC +5
a: no special abilities


You were on level 3 of the Dungeon.
You were not hungry.

You visited 1 branch of the dungeon, and saw 3 of its levels.

You collected 170 gold pieces.

Inventory:

Scrolls
 d - 2 scrolls of identify {unknown}
 e - a scroll of fog {unknown}
 g - 2 scrolls of enchant weapon {unknown}
 i - a scroll of fear {unknown}
 k - a scroll of remove curse {unknown}
 m - a scroll of recharging {unknown}
Potions
 h - a potion of lignification {unknown}
 l - a potion of might
 o - a potion of heal wounds {unknown}
 q - a potion of invisibility {unknown}
Comestibles
 a - 2 bread rations
 b - a royal jelly
 f - 2 beef jerkies
 j - a meat ration
 n - 2 chunks of flesh
 p - 4 fruits


   Skills:
 - Level 3.2 Fighting
 - Level 2.6 Dodging
 - Level 1.7 Stealth
 + Level 5.9 Unarmed Combat


You had 3 spell levels left.
You didn't know any spells.

Dungeon Overview and Level Annotations

Branches:
Dungeon (3/15)

Altars:
Fedhas
Pakellas

Annotations:
D:3 Terence


Innate Abilities, Weirdness & Mutations

Your plain brown scales are hard (AC +5).
Your body does not fit into most forms of armour.
You are cold-blooded and may be slowed by cold attacks.


Message History

You closely miss Terence.
Terence is heavily wounded.
Terence misses you.
Drink which item? (? for menu, Esc to quit)
You feel better.
Terence zaps a wand.
The puff of flame hits you!
* * * LOW HITPOINT WARNING * * *
You barely miss Terence.
Terence is heavily wounded.
Drink which item? (? for menu, Esc to quit)
It was a potion of might.
You feel very mighty all of a sudden. Terence hits you with a mace.
* * * LOW HITPOINT WARNING * * *
You hit Terence.
Your tail-slap misses Terence.
Terence is severely wounded.
Terence splashes around in the water.
You barely miss Terence.
Terence is severely wounded.
Terence zaps a wand.
The puff of flame hits you!
You die... #............# ##......(....# #.(.############### #######...# PPP♣PP

.........)#♣ ###♣PPPP♣ .
#########.#P#♣♣PPP#PP#♣#P#
.........>#PP.♣PP#PP♣..P..
#########.#PP#.P........#♣
#.#.PPP.@@≈≈≈≈...P
#.#P♣P..≈≈≈≈≈≈≈..P
#.#PP..≈≈≈≈≈≈≈≈≈..
#.#P..≈≈≈≈≈≈≈≈≈≈≈.
#[###.≈≈≈≈...≈≈≈≈.
#.....≈≈≈≈._......
#####.≈≈≈≈...≈≈≈≈.
♣P.≈≈≈≈≈≈≈≈≈≈≈.
#PP..≈≈≈≈≈≈≈≈


You could see Terence.

Vanquished Creatures
  Natasha (D:3)
  An ooze (D:1)
  3 worms (D:2)
  3 dart slugs
  2 giant geckos
  A ball python (D:1)
  2 bats
  3 giant cockroaches
  9 goblins
  6 hobgoblins
  3 giant newts
  5 kobolds
  7 rats
46 creatures vanquished.

Vanquished Creatures (others)
  A rakshasa (D:2)
  15 toadstools (D:3)
16 creatures vanquished.

Grand Total: 62 creatures vanquished

Notes
Turn   | Place    | Note
--------------------------------------------------------------
     0 | D:1      | namelastname112 the Draconian Monk began the quest for the Orb.
     0 | D:1      | Reached XP level 1. HP: 19/19 MP: 1/1
     0 | D:1      | epen: лол
     0 | D:1      | epen: давай за трансмутера уже
    16 | D:1      | epen: чё ты ломаешься
   124 | D:1      | Reached XP level 2. HP: 19/26 MP: 2/2
   369 | D:1      | Reached skill level 5 in Unarmed Combat
   369 | D:1      | Reached XP level 3. HP: 26/31 MP: 3/3
   874 | D:2      | Found an oddly glowing altar of Pakellas.
   875 | D:2      | Noticed a rakshasa
   924 | D:2      | Killed a rakshasa
  1225 | D:2      | epen: если ты из тех мемосных
  1308 | D:2      | epen: то нам не
  1358 | D:2      | epen: по пути
  1382 | D:3      | Noticed Natasha
  1386 | D:3      | Killed Natasha
  1386 | D:3      | Reached XP level 4. HP: 38/38 MP: 4/4
  1537 | D:3      | epen: в моей камере погром
  1584 | D:3      | Found a blossoming altar of Fedhas.
  1591 | D:3      | Noticed Terence
  1607 | D:3      | epen: ну пиздец
  1615 | D:3      | epen: тебя даже теренс щас выебет
  1620 | D:3      | Killed from afar by Terence

Vault maps used:
D:1:      lightli_arrival_noodles, serial_glass, glass_columns_b,
          glass_columns_a
D:2:      gammafunk_pakellas_cloud_experiment, first_bread, kennysheep_potato
D:3:      tgw_fedhas, uniq_natasha, uniq_terence

Skill      XL: |  1  2 |
---------------+-------+-----
Unarmed Combat | 5 |  5.9
Fighting       | |  3.2
Dodging        | |  2.6
Stealth        | |  1.7

Action                   |  1- 3 |  4- 6 || total
-------------------------+-------+-------++-------
Melee: Unarmed           |   112 |    30 ||   142
  Use: Potion            |       |     4 ||     4
 Stab: Sleeping          |     4 |       ||     4
  Eat: Chunk             |     1 |     1 ||     2
